[Event "ICC tourney 2250 (120 10)"]
[Site "Internet Chess Club"]
[Date "2020.12.26"]
[Round "2"]
[White "helavir"]
[Black "MBJPM"]
[Result "1/2-1/2"]
[ICCResult "Game drawn by repetition"]
[WhiteElo "2626"]
[BlackElo "2337"]
[Opening "Ruy Lopez: closed defense"]
[ECO "C84"]
[NIC "RL.13"]
[Time "17:16:33"]
[PlyCount "87"]
[TimeControl "7200+10"]

1. e4 e5 2. Nf3 Nc6 3. Bb5 a6 4. Ba4 Nf6 5. O-O Be7 6. d3 b5 7. Bb3 O-O 8.
a4 Rb8 9. axb5 axb5 10. Nc3 d6 11. Nd5 h6 12. c3 Re8 13. Ne1 Be6 14. Nc2
Qd7 15. f4 exf4 16. Bxf4 Ne5 17. Nd4 Bg4 18. Qc2 c5 19. Bxe5 dxe5 20. Nf5
Nxd5 21. Bxd5 Rb6 22. Qb3 Rf8 23. Nxe7+ Qxe7 24. Rxf7 Rxf7 25. Bxf7+ Kh7
26. Bg8+ Kg6 27. h3 Bc8 28. Rf1 c4 29. Qc2 Qc5+ 30. d4 exd4 31. Qf2 Rf6 32.
Qg3+ Qg5 33. Rxf6+ gxf6 34. Qc7 Bd7 35. cxd4 h5 36. b3 Qe3+ 37. Kh2 c3 38.
d5 h4 39. Qxd7 Qg3+ 40. Kh1 Qe1+ 41. Kh2 Qg3+ 42. Kh1 Qe1+ 43. Kh2 Qg3+ 44.
Kh1 { Game drawn by repetition } 1/2-1/2

[Event "ICC tourney 2250 (120 10)"]
[Site "Internet Chess Club"]
[Date "2020.12.26"]
[Round "2"]
[White "sirking2800"]
[Black "kpthomas"]
[Result "1/2-1/2"]
[ICCResult "Game drawn by mutual agreement"]
[WhiteElo "2005"]
[BlackElo "2113"]
[Opening "Sicilian: Najdorf, Opocensky variation"]
[ECO "B92"]
[NIC "SI.11"]
[Time "17:16:21"]
[PlyCount "87"]
[TimeControl "7200+10"]

1. e4 c5 2. Nf3 d6 3. d4 cxd4 4. Nxd4 Nf6 5. Nc3 a6 6. Be2 e5 7. Nb3 Be7 8.
O-O O-O 9. f4 Nbd7 10. f5 b5 11. a3 Bb7 12. Bf3 Rc8 13. Qe2 Nb6 14. Rd1 Nc4
15. Nd2 Qb6+ 16. Qf2 Qxf2+ 17. Kxf2 Nb6 18. Nb3 Rxc3 19. bxc3 Nxe4+ 20. Ke1
Ba8 21. Rd3 Na4 22. Bd2 Rc8 23. Kf1 Nb2 24. Re3 d5 25. Bxe4 dxe4 26. Rg3
Kf8 27. Ke2 Bc6 28. Rh3 h6 29. Na5 Bd5 30. g4 f6 31. Rg3 Bd8 32. Rb1 Na4
33. c4 bxc4 34. Rb4 Nb6 35. Be3 Nd7 36. Nb7 Be7 37. Na5 Bxb4 38. axb4 Rb8
39. c3 Nb6 40. Bxb6 Rxb6 41. Ke3 Rb8 42. h4 Kf7 43. h5 Ke7 44. Rg1 { Game
drawn by mutual agreement } 1/2-1/2

[Event "ICC tourney 2250 (120 10)"]
[Site "Internet Chess Club"]
[Date "2020.12.26"]
[Round "2"]
[White "hidedozyo"]
[Black "sahilmd"]
[Result "1/2-1/2"]
[ICCResult "Game drawn by mutual agreement"]
[WhiteElo "2200"]
[BlackElo "2536"]
[Opening "Nimzo-Indian: classical variation"]
[ECO "E32"]
[NIC "NI.20"]
[Time "17:16:28"]
[PlyCount "99"]
[TimeControl "7200+10"]

1. d4 Nf6 2. c4 e6 3. Nc3 Bb4 4. Qc2 O-O 5. a3 Bxc3+ 6. Qxc3 d5 7. Bg5 dxc4
8. Qxc4 b6 9. Nf3 Ba6 10. Qa4 c5 11. dxc5 bxc5 12. Rd1 Qb6 13. Bxf6 gxf6
14. Rd2 Rd8 15. Qg4+ Kh8 16. Qh4 Nd7 17. e3 Bxf1 18. Kxf1 Qb7 19. Qf4 Rg8
20. g3 f5 21. h3 f6 22. Kg2 Ne5 23. Re1 c4 24. Red1 Nd3 25. Qd4 Ne5 26. e4
fxe4 27. Nxe5 e3+ 28. Nf3 exd2 29. Qxf6+ Qg7 30. Qxe6 c3 31. bxc3 Qxc3 32.
Rxd2 Rae8 33. Qd6 Rgf8 34. Rd3 Qf6 35. Qc5 Re7 36. Nd2 Rc7 37. Qe3 Re7 38.
Qc5 Qe5 39. Rd5 Qg7 40. g4 Rc7 41. Qe3 Re7 42. Qc5 Ref7 43. Ne4 Rf4 44. Rg5
Qb2 45. Qe3 Rxe4 46. Qxe4 Qxf2+ 47. Kh1 Qf1+ 48. Kh2 Qf2+ 49. Kh1 Qf1+ 50.
Kh2 { Game drawn by mutual agreement } 1/2-1/2

[Event "ICC tourney 2250 (120 10)"]
[Site "Internet Chess Club"]
[Date "2020.12.26"]
[Round "2"]
[White "nithin"]
[Black "TjkTiger"]
[Result "0-1"]
[ICCResult "White resigns"]
[WhiteElo "2250"]
[BlackElo "2602"]
[Opening "Sicilian: accelerated fianchetto, Maróczy bind, 6.Be3"]
[ECO "B38"]
[NIC "QP.10"]
[Time "17:17:12"]
[PlyCount "124"]
[TimeControl "7200+10"]

1. Nf3 c5 2. c4 g6 3. e4 Bg7 4. d4 cxd4 5. Nxd4 Nc6 6. Be3 Qb6 7. Nb3 Qd8
8. Nd4 d6 9. Nc3 Nf6 10. Be2 O-O 11. O-O Bd7 12. Nc2 Qa5 13. f3 Rfc8 14.
Qd2 Be6 15. Rab1 Ne5 16. b3 Bxc4 17. bxc4 Nxc4 18. Bxc4 Rxc4 19. Rb3 Nd7
20. Na3 Rxc3 21. Nb5 Rac8 22. Nxc3 Bxc3 23. Qd5 Nc5 24. Bxc5 Rxc5 25. Qd3
b5 26. a3 a6 27. f4 Bf6 28. Kh1 Qc7 29. Qf3 Kg7 30. Rd3 a5 31. g4 h6 32. e5
Bh4 33. Qh3 Qc6+ 34. Kg1 Rc2 35. Rdf3 Rc1 36. Rxc1 Qxc1+ 37. Rf1 Qc5+ 38.
Kh1 Qc4 39. Qf3 dxe5 40. fxe5 b4 41. axb4 axb4 42. Qf4 Qd5+ 43. Qf3 Qxf3+
44. Rxf3 Be1 45. e6 fxe6 46. Re3 Bf2 47. Rxe6 Bc5 48. Rc6 Bd6 49. Kg2 Kf6
50. Kf3 Ke5 51. Ke3 Kd5 52. Ra6 Kc4 53. Kd2 Kd4 54. h3 Ke4 55. Ra8 Kf3 56.
Rg8 Bf4+ 57. Kc2 e5 58. Rxg6 e4 59. Kd1 e3 60. Re6 b3 61. Kc1 e2+ 62. Kb2
Be3 { White resigns } 0-1

[Event "ICC tourney 2250 (120 10)"]
[Site "Internet Chess Club"]
[Date "2020.12.26"]
[Round "2"]
[White "josuevm"]
[Black "BlueJay01"]
[Result "1-0"]
[ICCResult "Black resigns"]
[WhiteElo "2272"]
[BlackElo "2094"]
[Opening "Evans gambit: Tartakower attack"]
[ECO "C52"]
[NIC "IG.05"]
[Time "17:17:08"]
[PlyCount "51"]
[TimeControl "7200+10"]

1. e4 e5 2. Nf3 Nc6 3. Bc4 Bc5 4. b4 Bxb4 5. c3 Ba5 6. d4 d6 7. Qb3 Bb6 8.
Bxf7+ Ke7 9. dxe5 Nxe5 10. Nxe5 dxe5 11. O-O Nf6 12. Rd1 Qf8 13. Ba3+ c5
14. Bd5 Ng4 15. f3 Ne3 16. Re1 Nxg2 17. Kxg2 Bh3+ 18. Kf2 Qf4 19. Ke2 Raf8
20. Nd2 Bg2 21. c4 Qxh2 22. Qe3 Kd6 23. Qf2 Rf6 24. Rh1 Qxh1 25. Rxh1 Bxh1
26. Qg1 { Black resigns } 1-0

[Event "ICC tourney 2250 (120 10)"]
[Site "Internet Chess Club"]
[Date "2020.12.27"]
[Round "3"]
[White "mchessmaster"]
[Black "josuevm"]
[Result "0-1"]
[ICCResult "White resigns"]
[WhiteElo "1976"]
[BlackElo "2272"]
[Opening "Sicilian: dragon, Yugoslav attack, 10.O-O-O"]
[ECO "B78"]
[NIC "SI.18"]
[Time "12:01:50"]
[PlyCount "42"]
[TimeControl "7200+10"]

1. e4 c5 2. Nf3 Nc6 3. d4 cxd4 4. Nxd4 g6 5. Nc3 Bg7 6. Be3 Nf6 7. Bc4 d6
8. f3 O-O 9. Qd2 Bd7 10. O-O-O Qb8 11. g4 b5 12. Ndxb5 Ne5 13. Be2 Bxb5 14.
Nxb5 Nxf3 15. Bxf3 Qxb5 16. e5 Rab8 17. b3 Qxe5 18. Bd4 Qb5 19. Bxa7 Qa6
20. Bxb8 Qa3+ 21. Kb1 Ne4 { White resigns } 0-1

[Event "ICC tourney 2250 (120 10)"]
[Site "Internet Chess Club"]
[Date "2020.12.27"]
[Round "3"]
[White "jsl1996"]
[Black "NightMovesTN"]
[Result "1-0"]
[ICCResult "Black resigns"]
[WhiteElo "2643"]
[BlackElo "2398"]
[Opening "English: symmetrical, hedgehog system"]
[ECO "A05"]
[NIC "EO.40"]
[Time "12:01:56"]
[PlyCount "47"]
[TimeControl "7200+10"]

1. Nf3 Nf6 2. c4 e6 3. g3 b6 4. Bg2 Bb7 5. O-O c5 6. Nc3 Be7 7. Re1 d5 8.
cxd5 Nxd5 9. Nxd5 Qxd5 10. e4 Qd7 11. d4 cxd4 12. Nxd4 Nc6 13. Nb5 Rd8 14.
Bf4 a6 15. Nc7+ Kf8 16. Qxd7 Rxd7 17. Red1 Rxd1+ 18. Rxd1 e5 19. Be3 Bc5
20. Bxc5+ bxc5 21. Rd7 Bc8 22. Rd6 Bb7 23. Nd5 Ke8 24. Bf1 { Black resigns
} 1-0

[Event "ICC tourney 2250 (120 10)"]
[Site "Internet Chess Club"]
[Date "2020.12.27"]
[Round "3"]
[White "pangpangba"]
[Black "jy2020"]
[Result "0-1"]
[ICCResult "White resigns"]
[WhiteElo "1656"]
[BlackElo "2227"]
[Opening "Sicilian: Najdorf, Byrne (English) attack"]
[ECO "B90"]
[NIC "SI.14"]
[Time "12:01:46"]
[PlyCount "64"]
[TimeControl "7200+10"]

1. e4 c5 2. Nf3 d6 3. d4 cxd4 4. Nxd4 Nf6 5. Nc3 a6 6. Be3 e5 7. Nb3 Be6 8.
f3 h5 9. Qd2 Nbd7 10. Nd5 Bxd5 11. exd5 g6 12. Be2 Bg7 13. c4 Rc8 14. O-O
O-O 15. Rac1 b6 16. Rfd1 Qc7 17. a3 Rfe8 18. Na1 e4 19. f4 Ng4 20. Bxg4
hxg4 21. Bd4 e3 22. Qe2 Re4 23. Bxg7 Kxg7 24. b3 Nf6 25. g3 b5 26. c5 dxc5
27. Rc3 Rd8 28. Rdc1 Rxd5 29. Nc2 Rd2 30. Qe1 Qd6 31. Rxe3 Rxc2 32. Rd1
Rxe3 { White resigns } 0-1

[Event "ICC tourney 2250 (120 10)"]
[Site "Internet Chess Club"]
[Date "2020.12.27"]
[Round "3"]
[White "sahilmd"]
[Black "Buffalo09"]
[Result "1-0"]
[ICCResult "Black checkmated"]
[WhiteElo "2536"]
[BlackElo "2256"]
[Opening "Nimzo-Indian: classical, Pirc variation"]
[ECO "E39"]
[NIC "NI.21"]
[Time "12:02:01"]
[PlyCount "61"]
[TimeControl "7200+10"]

1. d4 Nf6 2. c4 e6 3. Nc3 Bb4 4. Qc2 c5 5. dxc5 O-O 6. Nf3 Na6 7. g3 Nxc5
8. Bg2 Nce4 9. O-O Nxc3 10. bxc3 Be7 11. e4 d6 12. e5 dxe5 13. Nxe5 Qc7 14.
Qe2 Bd6 15. Bf4 g5 16. c5 gxf4 17. cxd6 Qxd6 18. gxf4 Qc7 19. Rab1 Rb8 20.
Qe3 b6 21. f5 Ne8 22. Nc6 Ba6 23. fxe6 fxe6 24. Qxe6+ Kh8 25. Rfd1 Rc8 26.
Rd7 Qf4 27. Rxh7+ Kxh7 28. Be4+ Kh8 29. Qh3+ Kg7 30. Qh7+ Kf6 31. Qg6# {
Black checkmated } 1-0

[Event "ICC tourney 2250 (120 10)"]
[Site "Internet Chess Club"]
[Date "2020.12.27"]
[Round "3"]
[White "wolfchess1"]
[Black "investigator"]
[Result "0-1"]
[ICCResult "White resigns"]
[WhiteElo "2077"]
[BlackElo "2106"]
[Opening "Pirc: Austrian attack, 6.Be3"]
[ECO "B09"]
[NIC "PU.06"]
[Time "12:01:56"]
[PlyCount "60"]
[TimeControl "7200+10"]

1. e4 d6 2. d4 Nf6 3. Nc3 g6 4. f4 Bg7 5. Nf3 O-O 6. Be3 Nbd7 7. e5 Ng4 8.
Bg1 c5 9. exd6 exd6 10. Qd2 Re8+ 11. Be2 b5 12. O-O-O b4 13. Nd5 Ngf6 14.
Nxf6+ Nxf6 15. dxc5 Ne4 16. Qd5 Qf6 17. Bd4 Qxf4+ 18. Kb1 Be6 19. Qb7 Rab8
20. Qa6 dxc5 21. Bxg7 Kxg7 22. Rhf1 Nc3+ 23. bxc3 bxc3+ 24. Ka1 Rb2 25. Nd4
Qe5 26. Nxe6+ Rxe6 27. Qa3 Rxc2 28. Bf3 Ra6 29. Qb3 Rcxa2+ 30. Qxa2 c2+ {
White resigns } 0-1

[Event "ICC tourney 2250 (120 10)"]
[Site "Internet Chess Club"]
[Date "2020.12.27"]
[Round "3"]
[White "ShadowApt"]
[Black "pawnpush202044"]
[Result "1-0"]
[ICCResult "Black resigns"]
[WhiteElo "2105"]
[BlackElo "1915"]
[Opening "Sicilian: closed, 2...Nc6"]
[ECO "B23"]
[NIC "SI.44"]
[Time "12:01:46"]
[PlyCount "65"]
[TimeControl "7200+10"]

1. e4 c5 2. Nc3 Nc6 3. Bb5 d6 4. Bxc6+ bxc6 5. f4 e6 6. Nf3 Ne7 7. O-O d5
8. d3 Ng6 9. Qe1 Be7 10. Qg3 O-O 11. Ne5 Nxe5 12. fxe5 f5 13. exf6 Bxf6 14.
e5 Bh4 15. Rxf8+ Kxf8 16. Qg4 Be7 17. Bd2 Rb8 18. Rf1+ Kg8 19. Bh6 g6 20.
Qf4 Qe8 21. Nd1 Rb4 22. c4 dxc4 23. a3 Rb7 24. dxc4 Rd7 25. Nc3 Ba6 26. b3
Bc8 27. Ne4 a5 28. a4 Rb7 29. Bg5 Rxb3 30. Bxe7 Qxe7 31. Qh6 Rb7 32. Nf6+
Kh8 33. Nxh7 { Black resigns } 1-0

[Event "ICC tourney 2250 (120 10)"]
[Site "Internet Chess Club"]
[Date "2020.12.27"]
[Round "3"]
[White "Wushukyle"]
[Black "Drachekokosnuss"]
[Result "0-1"]
[ICCResult "White resigns"]
[WhiteElo "1611"]
[BlackElo "2100"]
[Opening "Two knights defense"]
[ECO "C56"]
[NIC "KP.02"]
[Time "12:02:00"]
[PlyCount "52"]
[TimeControl "7200+10"]

1. e4 e5 2. Nf3 Nc6 3. d4 exd4 4. Bc4 Nf6 5. O-O Nxe4 6. Nc3 dxc3 7. Bxf7+
Kxf7 8. Qd5+ Ke8 9. Re1 Be7 10. Rxe4 d6 11. Bg5 Rf8 12. Rae1 Bf5 13. Rxe7+
Nxe7 14. Qb5+ Bd7 15. Qxb7 Rf7 16. Qe4 h6 17. Qh7 Bf5 18. Qg8+ Rf8 19. Qxg7
hxg5 20. Nd4 cxb2 21. g4 Bxg4 22. h3 Rb8 23. Nb3 Qd7 24. Qg6+ Kd8 25. Qxg5
Bxh3 26. Kh2 Rxf2+ { White resigns } 0-1

[Event "ICC tourney 2250 (120 10)"]
[Site "Internet Chess Club"]
[Date "2020.12.27"]
[Round "3"]
[White "sathviks"]
[Black "sirking2800"]
[Result "1-0"]
[ICCResult "Black resigns"]
[WhiteElo "2237"]
[BlackElo "2005"]
[Opening "Ruy Lopez: closed, Pilnik variation"]
[ECO "C90"]
[NIC "RL.17"]
[Time "12:02:43"]
[PlyCount "75"]
[TimeControl "7200+10"]

1. e4 e5 2. Nf3 Nc6 3. Bb5 a6 4. Ba4 Nf6 5. O-O Be7 6. Re1 b5 7. Bb3 O-O 8.
c3 d6 9. d3 Na5 10. Bc2 c5 11. Nbd2 Re8 12. Nf1 Bf8 13. Ng3 g6 14. h3 Nc6
15. Nh2 b4 16. f4 exf4 17. Bxf4 Bg7 18. Rf1 bxc3 19. bxc3 Nd7 20. Bb3 Nde5
21. d4 cxd4 22. cxd4 Qb6 23. Be3 Be6 24. Bxe6 fxe6 25. Bf2 Nf7 26. d5 Nd4
27. Rb1 Qc5 28. Rb7 Ra7 29. Qa4 Rf8 30. Rxa7 Qxa7 31. dxe6 Ng5 32. e7 Qxe7
33. Bxd4 Rxf1+ 34. Kxf1 Nxe4 35. Nxe4 Qxe4 36. Qc4+ Kf8 37. Bxg7+ Kxg7 38.
Qxe4 { Black resigns } 1-0

[Event "ICC tourney 2250 (120 10)"]
[Site "Internet Chess Club"]
[Date "2020.12.27"]
[Round "3"]
[White "JKogen"]
[Black "Chesslegend21"]
[Result "1-0"]
[ICCResult "Black resigns"]
[WhiteElo "2354"]
[BlackElo "2132"]
[Opening "Nimzo-Indian: classical, 4...c5"]
[ECO "E38"]
[NIC "NI.22"]
[Time "12:01:58"]
[PlyCount "57"]
[TimeControl "7200+10"]

1. d4 Nf6 2. c4 e6 3. Nc3 Bb4 4. Qc2 c5 5. dxc5 Na6 6. a3 Bxc3+ 7. Qxc3
Nxc5 8. f3 a5 9. e4 d6 10. Be3 Qc7 11. Rd1 e5 12. Qd2 Ke7 13. Ne2 a4 14.
Nc3 Bd7 15. Qf2 Rhc8 16. Be2 b6 17. O-O Bc6 18. f4 Ncxe4 19. Nxe4 Nxe4 20.
Qh4+ Kf8 21. fxe5 dxe5 22. Bd3 Nf6 23. Rxf6 gxf6 24. Qxf6 Bd7 25. Qh8+ Ke7
26. Bg5+ Kd6 27. Qf6+ Be6 28. Be2+ Kc5 29. Be3+ { Black resigns } 1-0

[Event "ICC tourney 2250 (120 10)"]
[Site "Internet Chess Club"]
[Date "2020.12.27"]
[Round "3"]
[White "sriramk"]
[Black "Mookmookarmy"]
[Result "1-0"]
[ICCResult "Black resigns"]
[WhiteElo "2168"]
[BlackElo "2360"]
[Opening "French: Steinitz, Boleslavsky variation"]
[ECO "C11"]
[NIC "FR.04"]
[Time "12:01:50"]
[PlyCount "87"]
[TimeControl "7200+10"]

1. e4 e6 2. d4 d5 3. Nc3 Nf6 4. e5 Nfd7 5. f4 c5 6. Nf3 Nc6 7. Be3 a6 8.
Qd2 b5 9. dxc5 Bxc5 10. Bxc5 Nxc5 11. Nd4 Bb7 12. a3 O-O 13. Be2 Rc8 14.
O-O Ne4 15. Nxc6 Nxd2 16. Nxd8 Rfxd8 17. Rfd1 Nc4 18. Bxc4 Rxc4 19. g3 Rdc8
20. Rd3 d4 21. Rad1 g5 22. Rxd4 gxf4 23. gxf4 Kg7 24. Kf2 Rxc3 25. bxc3
Rxc3 26. Rg1+ Kh6 27. Rd7 Be4 28. Rxf7 Rxc2+ 29. Ke3 Bg6 30. Rf6 Rc3+ 31.
Kd2 Rc2+ 32. Kd1 Rc4 33. Rf1 Rd4+ 34. Kc1 Rc4+ 35. Kd2 Rd4+ 36. Ke3 Re4+
37. Kf3 Ra4 38. Rxe6 Kg7 39. Rc1 Bh5+ 40. Kg3 Rxa3+ 41. Kh4 Bg6 42. Rc7+
Kf8 43. f5 Rh3+ 44. Kg4 { Black resigns } 1-0

[Event "ICC tourney 2250 (120 10)"]
[Site "Internet Chess Club"]
[Date "2020.12.27"]
[Round "3"]
[White "Bearbarion"]
[Black "mentalgiant"]
[Result "1-0"]
[ICCResult "Black checkmated"]
[WhiteElo "1921"]
[BlackElo "1632"]
[Opening "King's Indian, 3.Nf3"]
[ECO "E62"]
[NIC "KI.72"]
[Time "12:02:27"]
[PlyCount "67"]
[TimeControl "7200+10"]

1. d4 Nf6 2. c4 g6 3. Nf3 Bg7 4. g3 O-O 5. Bg2 d6 6. O-O Nc6 7. Nc3 Nd7 8.
e4 e5 9. d5 Ne7 10. Be3 h6 11. Qd2 Kh7 12. Ne1 f5 13. Nd3 g5 14. f4 gxf4
15. gxf4 exf4 16. Nxf4 Ne5 17. exf5 Nxc4 18. Qd3 Ne5 19. Qc2 Bxf5 20. Be4
Ng4 21. Qe2 Nxe3 22. Qxe3 Be5 23. Ne6 Rg8+ 24. Kh1 Qe8 25. Bxf5+ Nxf5 26.
Rxf5 Qg6 27. Qf2 Qg4 28. Rg1 Qc4 29. Rf7+ Kh8 30. Rxg8+ Rxg8 31. Qf5 Bg7
32. Rxg7 Rxg7 33. Qf8+ Rg8 34. Qxh6# { Black checkmated } 1-0

[Event "ICC tourney 2250 (120 10)"]
[Site "Internet Chess Club"]
[Date "2020.12.27"]
[Round "3"]
[White "TjkTiger"]
[Black "Sergeiaza"]
[Result "1-0"]
[ICCResult "Black resigns"]
[WhiteElo "2602"]
[BlackElo "2674"]
[Opening "Dutch with c4 & Nc3"]
[ECO "A85"]
[NIC "HD.05"]
[Time "12:02:43"]
[PlyCount "73"]
[TimeControl "7200+10"]

1. c4 f5 2. Nc3 Nf6 3. d4 e6 4. a3 Be7 5. Bf4 O-O 6. e3 d6 7. Be2 Qe8 8.
Nf3 Nbd7 9. O-O Bd8 10. h3 e5 11. Bh2 Kh8 12. Qc2 e4 13. Nd2 Ng8 14. Rae1
Bh4 15. c5 dxc5 16. Nb5 Bd8 17. dxc5 Ne5 18. Qc3 Bf6 19. Nxc7 Nf3+ 20. Nxf3
Bxc3 21. Nxe8 Bxe1 22. Nc7 exf3 23. Bxf3 Rb8 24. Rxe1 Bd7 25. Rd1 Rfd8 26.
Na6 Rbc8 27. Bc7 Re8 28. Rxd7 Nf6 29. Bxb7 Nxd7 30. Bxc8 Rxc8 31. b4 Kg8
32. c6 Nf6 33. b5 Nd5 34. Bb8 Nc3 35. a4 Nxa4 36. Bxa7 Kf7 37. c7 { Black
resigns } 1-0

[Event "ICC tourney 2250 (120 10)"]
[Site "Internet Chess Club"]
[Date "2020.12.27"]
[Round "3"]
[White "MBJPM"]
[Black "mikolka1985"]
[Result "0-1"]
[ICCResult "White resigns"]
[WhiteElo "2337"]
[BlackElo "2545"]
[Opening "Nimzo-Indian: Simagin variation"]
[ECO "E46"]
[NIC "NI.10"]
[Time "12:02:02"]
[PlyCount "152"]
[TimeControl "7200+10"]

1. d4 Nf6 2. c4 e6 3. Nc3 Bb4 4. e3 O-O 5. Ne2 d5 6. a3 Bd6 7. Ng3 b6 8.
cxd5 exd5 9. Bd3 Re8 10. O-O Bb7 11. b4 Nbd7 12. Qb3 a6 13. a4 c6 14. f3 a5
15. bxa5 c5 16. Qb1 Rxa5 17. Nb5 Bf8 18. Bd2 Ra8 19. Nc3 Bc6 20. Rc1 g6 21.
Ra2 Bh6 22. Nf1 Nf8 23. Rb2 N6d7 24. Bb5 Bxb5 25. Rxb5 Nf6 26. Rxb6 cxd4
27. exd4 Bxd2 28. Nxd2 Nh5 29. Nf1 Nf4 30. Rc2 N8e6 31. Rd2 Rc8 32. Rb3 Rc4
33. Nb5 Rxa4 34. g3 Nh5 35. Qd1 Qa5 36. Rdb2 Ng5 37. Kg2 Ra1 38. Qd2 Qxd2+
39. Rxd2 Ree1 40. Rf2 Ne6 41. Re3 Red1 42. Re5 Nf6 43. Ne3 Rg1+ 44. Kh3 h6
45. Nxd5 Nxd5 46. Rxd5 Ng5+ 47. Kh4 Raf1 48. Rxf1 Rxf1 49. f4 Nf3+ 50. Kh3
Rf2 51. g4 Nd2 52. Rd8+ Kg7 53. g5 h5 54. Nd6 Rxf4 55. d5 Ne4 56. Nxe4 Rxe4
57. d6 Rd4 58. d7 Rd5 59. Kh4 Kh7 60. Kh3 Kg7 61. Kh4 Rd3 62. Re8 Rxd7 63.
Re4 Rd3 64. h3 Rf3 65. Re5 Rf4+ 66. Kg3 Rf5 67. Rxf5 gxf5 68. h4 Kg6 69.
Kf3 f6 70. gxf6 Kxf6 71. Kf4 Ke6 72. Kg5 Ke5 73. Kxh5 Kf6 74. Kh6 f4 75. h5
f3 76. Kh7 f2 { White resigns } 0-1

[Event "ICC tourney 2250 (120 10)"]
[Site "Internet Chess Club"]
[Date "2020.12.27"]
[Round "3"]
[White "Venom2020"]
[Black "lmperatorX"]
[Result "1/2-1/2"]
[ICCResult "Game drawn by mutual agreement"]
[WhiteElo "2155"]
[BlackElo "2118"]
[Opening "Sicilian: Najdorf, Lipnitzky attack"]
[ECO "B86"]
[NIC "SI.13"]
[Time "12:01:53"]
[PlyCount "69"]
[TimeControl "7200+10"]

1. e4 c5 2. Nf3 d6 3. d4 cxd4 4. Nxd4 Nf6 5. Nc3 a6 6. Bc4 e6 7. Bb3 Be7 8.
g4 d5 9. exd5 Nxd5 10. Nxd5 exd5 11. Be3 Nc6 12. Qe2 Qa5+ 13. c3 O-O 14.
O-O-O Re8 15. h4 Nxd4 16. Rxd4 Be6 17. Rhd1 b5 18. Qf3 Bc5 19. R4d3 Bxe3+
20. Rxe3 Red8 21. Rd4 Rab8 22. a3 Qc7 23. Red3 a5 24. Bxd5 Bxd5 25. Rxd5
Rxd5 26. Qxd5 b4 27. Qd6 Qc8 28. Qd7 Qf8 29. axb4 axb4 30. c4 g6 31. g5 Qc5
32. Qd4 Qf5 33. Re3 b3 34. Re4 Qa5 35. Qe5 { Game drawn by mutual agreement
} 1/2-1/2

[Event "ICC tourney 2250 (120 10)"]
[Site "Internet Chess Club"]
[Date "2020.12.27"]
[Round "3"]
[White "RagingKnightNC"]
[Black "RajeshCS"]
[Result "0-1"]
[ICCResult "White resigns"]
[WhiteElo "2112"]
[BlackElo "2310"]
[Opening "Sicilian, Szén (`anti-Taimanov') variation"]
[ECO "B44"]
[NIC "SI.39"]
[Time "12:01:50"]
[PlyCount "74"]
[TimeControl "7200+10"]

1. e4 c5 2. Nf3 e6 3. d4 cxd4 4. Nxd4 Nc6 5. Nb5 d6 6. c4 Nf6 7. N1c3 a6 8.
Na3 Be7 9. g3 O-O 10. Bg2 Bd7 11. O-O Rc8 12. Qe2 Re8 13. Be3 Qc7 14. f4
Qb8 15. g4 d5 16. e5 Nxe5 17. fxe5 Qxe5 18. Qf2 Bxa3 19. Bd4 Qxd4 20. Qxd4
Bc5 21. Qxc5 Rxc5 22. g5 Ne4 23. Bxe4 dxe4 24. Nxe4 Rxc4 25. Rf4 Rec8 26.
Raf1 Bb5 27. Nd6 Rxf4 28. Rxf4 Rc1+ 29. Kg2 Rc7 30. Rd4 Bc6+ 31. Kf2 Rd7
32. Ke3 Kf8 33. Nc8 Rxd4 34. Kxd4 f6 35. h4 Kf7 36. b4 e5+ 37. Kc5 Ke6 {
White resigns } 0-1

[Event "ICC tourney 2250 (120 10)"]
[Site "Internet Chess Club"]
[Date "2020.12.27"]
[Round "3"]
[White "Dipankar007"]
[Black "nithin"]
[Result "1-0"]
[ICCResult "Black resigns"]
[WhiteElo "1850"]
[BlackElo "2250"]
[Opening "Sicilian: Grand Prix attack"]
[ECO "B23"]
[NIC "SI.44"]
[Time "12:02:01"]
[PlyCount "67"]
[TimeControl "7200+10"]

1. e4 c5 2. Nc3 Nc6 3. f4 g6 4. Nf3 Bg7 5. Bb5 Nd4 6. O-O Nxb5 7. Nxb5 d5
8. exd5 Nf6 9. d6 exd6 10. Qe1+ Kf8 11. a4 a6 12. Nc3 d5 13. d3 h6 14. Bd2
Kg8 15. Ne5 Qc7 16. Qh4 d4 17. Ne2 Nd5 18. Rae1 Bf6 19. Qf2 Kg7 20. Ng3 b6
21. Kh1 Bb7 22. c4 Ne7 23. Ng4 Bh4 24. Nh5+ gxh5 25. Qxh4 Qc6 26. Rf2 hxg4
27. Rxe7 Kf8 28. Rfe2 Bc8 29. Qh5 Rh7 30. f5 Bd7 31. Rxd7 Qxd7 32. Bxh6+
Rxh6 33. Qxh6+ Kg8 34. f6 { Black resigns } 1-0

[Event "ICC tourney 2250 (120 10)"]
[Site "Internet Chess Club"]
[Date "2020.12.27"]
[Round "3"]
[White "kpthomas"]
[Black "espark"]
[Result "0-1"]
[ICCResult "White resigns"]
[WhiteElo "2113"]
[BlackElo "2338"]
[Opening "Réti opening"]
[ECO "A06"]
[NIC "QP.09"]
[Time "12:01:59"]
[PlyCount "66"]
[TimeControl "7200+10"]

1. Nf3 d5 2. e3 Nf6 3. c4 e6 4. b3 Be7 5. Bb2 O-O 6. Qc2 c5 7. cxd5 exd5 8.
d4 b6 9. Bd3 h6 10. O-O Be6 11. Ne5 Ng4 12. Nd2 Nxe5 13. dxe5 Nc6 14. f4
Nb4 15. Qb1 Nxd3 16. Qxd3 f5 17. Qe2 Qd7 18. Rfd1 b5 19. b4 c4 20. Bc3 a5
21. a3 d4 22. exd4 axb4 23. axb4 Rxa1 24. Bxa1 Bxb4 25. Nf1 Be7 26. d5 Bc5+
27. Ne3 Rd8 28. d6 Qa7 29. Re1 b4 30. Kf1 c3 31. Qd3 Qa2 32. Qe2 Ra8 33. g4
Bxe3 { White resigns } 0-1

[Event "ICC tourney 2250 (120 10)"]
[Site "Internet Chess Club"]
[Date "2020.12.27"]
[Round "3"]
[White "Chessking2008"]
[Black "Adhvaith0406"]
[Result "1-0"]
[ICCResult "Black resigns"]
[WhiteElo "2197"]
[BlackElo "2033"]
[Opening "Nimzo-Indian: classical, Pirc variation"]
[ECO "E39"]
[NIC "NI.21"]
[Time "12:01:53"]
[PlyCount "161"]
[TimeControl "7200+10"]

1. c4 e6 2. Nc3 Bb4 3. d4 Nf6 4. Qc2 c5 5. dxc5 O-O 6. a3 Bxc5 7. Nf3 b6 8.
e3 Bb7 9. Bd3 Nc6 10. O-O Rc8 11. b4 Be7 12. Bb2 h6 13. Rfd1 a6 14. Qe2 Qc7
15. Rac1 a5 16. b5 Nb8 17. Na4 d6 18. h3 Nbd7 19. e4 Rfd8 20. Qe3 e5 21.
Nh4 Nxe4 22. Bxe4 Bxh4 23. Bxb7 Qxb7 24. Qe2 Nc5 25. Nxc5 Rxc5 26. a4 Be7
27. Ba3 Rc7 28. Rd5 Bf8 29. Qd3 Rcd7 30. Rd1 Qc7 31. c5 bxc5 32. Bxc5 Qb7
33. Qd2 Rc8 34. Be3 Rdc7 35. Qxa5 Rc4 36. Ba7 Re4 37. f3 Rf4 38. b6 Rcc4
39. Ra1 g6 40. Rdd1 Rc5 41. Qe1 e4 42. Qe3 Rcf5 43. fxe4 Rxe4 44. Qd3 Ra5
45. Qc2 Rxa7 46. bxa7 Qxa7+ 47. Kh1 Re5 48. Qb3 Ra5 49. Rd5 Rxd5 50. Qxd5
Bg7 51. Ra2 Be5 52. Qf3 Qa5 53. g3 h5 54. Kg2 d5 55. Re2 d4 56. Qe4 Bg7 57.
Qe8+ Kh7 58. Qb5 Qa8+ 59. Kh2 Qf3 60. Rg2 Qe3 61. Qe2 Qa3 62. Qa2 Qe7 63.
h4 Be5 64. Kh1 f5 65. Qd5 f4 66. Re2 fxg3 67. Qxe5 Qxh4+ 68. Kg1 d3 69.
Qe7+ Qxe7 70. Rxe7+ Kh6 71. Rd7 Kg5 72. Rxd3 Kh4 73. Kg2 g5 74. Rxg3 g4 75.
Rc3 g3 76. Rc4+ Kg5 77. Kxg3 Kf5 78. a5 h4+ 79. Kxh4 Ke5 80. a6 Kd5 81. Rc1
{ Black resigns } 1-0